 Dungeon Crawl Stone Soup version 0.25.1-2-g60ff931df9 (webtiles) character file.

Game seed: 17050046751049918850

452 Allula97 the Chopper (level 6, -3/48 HPs)
             Began as a Demonspawn Gladiator on Nov 10, 2020.
             Was a Follower of Okawaru.
             Slain by an orc warrior
             ... wielding a +0 battleaxe
              (11 damage)
             ... on level 5 of the Dungeon.
             The game lasted 00:20:22 (4067 turns).

Allula97 the Chopper (Demonspawn Gladiator)         Turns: 4067, Time: 00:20:32

Health: -3/48      AC: 15    Str: 16      XL:     6   Next: 75%
Magic:  0/7        EV:  8    Int:  9      God:    Okawaru [*.....]
Gold:   248        SH:  0    Dex: 14 (15) Spells: 6/6 levels left

rFire    . . .     SeeInvis .   a - +0 war axe
rCold    + . .     Gourm    .   (no shield)
rNeg     . . .     Faith    .   y - +0 chain mail
rPois    .         Spirit   +   c - +1 helmet
rElec    .         Reflect  .   v - scarf {harm}
rCorr    .         Harm     +   (no gloves)
MR       +....                  (no boots)
Stlth    ..........             (no amulet)
HPRegen  0.16/turn              (no ring)
MPRegen  0.10/turn              (no ring)

@: stab
A: icy blue scales 3, blurry vision 1, foul stench 1, magic resistance 1, wild
magic 1, magic shield, rot immunity
a: Heroism, Renounce Religion


You were on level 5 of the Dungeon.
You worshipped Okawaru.
Okawaru was aware of your devotion.
You were not hungry.

You visited 2 branches of the dungeon, and saw 6 of its levels.

You collected 248 gold pieces.

Inventory:

Hand Weapons
 a - a +0 war axe (weapon)
Missiles
 l - 29 poisoned darts (quivered)
Armour
 c - a +1 helmet (worn)
 s - a +0 ring mail
 v - a scarf of harm (worn)
 y - a +0 chain mail (worn)
Wands
 d - a wand of flame (14)
 w - a wand of clouds (6)
Scrolls
 b - 2 scrolls of immolation {unknown}
 e - 3 scrolls of teleportation
 g - a scroll of enchant armour
 i - 2 scrolls of remove curse {unknown}
 k - a scroll of fear {unknown}
 m - 4 scrolls of identify {unknown}
 o - 2 scrolls of blinking {unknown}
 t - 2 scrolls of magic mapping {unknown}
 x - a scroll of noise {unknown}
Potions
 h - a potion of brilliance
 j - a potion of ambrosia
 n - a potion of invisibility {unknown}
 p - a potion of stabbing
 r - a potion of curing {unknown}
 u - a potion of heal wounds {unknown}
Comestibles
 f - 11 rations
 z - 13 chunks of flesh


   Skills:
 * Level 3.9 Fighting
 * Level 3.9 Axes
 - Level 1.7 Throwing
 * Level 2.4 Armour
 * Level 3.9 Dodging
 + Level 1.8 Stealth
 - Level 0.5 Spellcasting
 + Level 2.0 Invocations


You had 6 spell levels left.
You didn't know any spells.
Your spell library was empty.

Dungeon Overview and Level Annotations

Branches:
Dungeon (5/15)             Temple (1/1) D:5

Altars:
Ashenzari
Cheibriados
Dithmenos
Elyvilon
Fedhas
Gozag
Hepliaklqana
Kikubaaqudgha
Makhleb
Nemelex Xobeh
Okawaru
Qazlal
Ru
Sif Muna
Trog
Uskayaw
Vehumet
Wu Jian
Xom
Yredelemnul
Zin
The Shining One


Innate Abilities, Weirdness & Mutations

You are completely covered in icy blue scales. (AC +4, rC+)
You may emit foul miasma when damaged in melee.
When hurt, damage is shared between your health and your magic reserves.
You are immune to rotting.
Scrolls take you a little longer to read.
You are resistant to hostile enchantments. (MR+)
Your spells are a little harder to cast, but a little more powerful.


Message History

The orc warrior is heavily wounded.
The orc warrior completely misses you.
You hit the orc warrior.
The orc warrior is severely wounded.
You closely miss the orc warrior.
The orc warrior is severely wounded.
The orc warrior hits you with a +0 battleaxe.
* * * LOW HITPOINT WARNING * * *
Okay, then.
It was a potion of stabbing.
You feel ready to backstab.
You feel like a meek peon again.
The orc warrior hits you with a +0 battleaxe.
* * * LOW HITPOINT WARNING * * *
It was a potion of mutation.
You feel extremely strange.
You feel less in control of your magic.
Icy blue scales cover your body completely.
Your vision blurs.
You feel resistant to hostile enchantments.
The orc warrior hits you with a +0 battleaxe!
You die...

## #.# .# #. #.#
.#####. #.# #J#
.)....... #.# #o#
######.#.##.# #a# # #
#.##.# #.# # #.#.##>#
#.#
######.#.##.########o#
................@ooa.#
...#####.##.##########
#..# #>÷#.# #..#
#.#..# #..# ##.÷#.##
#..####...#..#
<............#
#(.###.......# ...#
#..._..##


You could see an orc warrior (sick), a worker ant and 2 orcs.

Vanquished Creatures
  A quasit (D:5)
  A bullfrog skeleton (D:5)
  A hound (D:5)
  2 iguanas (D:4)
  2 orc wizards (D:5)
  3 worker ants
  A hound skeleton (D:4)
  2 howler monkey zombies (D:5)
  3 gnolls (D:3)
  3 adders
  2 oozes
  An adder skeleton (D:4)
  3 worms
  3 dart slugs
  3 leopard geckos
  7 orcs (D:5)
  A ball python (D:4)
  3 giant cockroaches
  4 goblins
  9 hobgoblins
  8 jackals
  4 kobolds
  3 quokkas
  A bat (D:2)
  6 frilled lizards
  3 rats (D:3)
80 creatures vanquished.

Notes
Turn   | Place    | Note
-------+----------+-------------------------------------------
     0 | D:1      | Allula97 the Demonspawn Gladiator began the quest for the
                  | Orb.
     0 | D:1      | Reached XP level 1. HP: 16/16 MP: 1/1
   143 | D:1      | Gained mutation: You are partially covered in icy blue
                  | scales. (AC +2) [demonic ancestry]
   143 | D:1      | Reached XP level 2. HP: 19/22 MP: 2/2
   873 | D:2      | Gained mutation: You are mostly covered in icy blue scales.
                  | (AC +3) [demonic ancestry]
   873 | D:2      | Reached XP level 3. HP: 8/28 MP: 3/3
   927 | D:2      | Found an iron altar of Okawaru.
   942 | D:2      | Became a worshipper of Warmaster Okawaru
  1030 | D:2      | Found a snail-covered altar of Cheibriados.
  1035 | D:2      | Found a shimmering altar of Xom.
  1035 | D:2      | Found a sparkling altar of Nemelex Xobeh.
  1429 | D:2      | Reached skill level 1 in Armour
  1753 | D:3      | Gained mutation: You are immune to rotting. [demonic
                  | ancestry]
  1753 | D:3      | Reached XP level 4. HP: 28/34 MP: 4/4
  2178 | D:3      | Reached skill level 1 in Stealth
  2691 | D:4      | Reached skill level 1 in Invocations
  2691 | D:4      | Gained mutation: You may emit foul miasma when damaged in
                  | melee. [demonic ancestry]
  2691 | D:4      | Reached XP level 5. HP: 33/41 MP: 5/5
  3399 | D:5      | Entered Level 5 of the Dungeon
  3417 | D:5      | Reached * piety under Okawaru
  3417 | D:5      | Gained mutation: When hurt, damage is shared between your
                  | health and your magic reserves. [demonic ancestry]
  3417 | D:5      | Reached XP level 6. HP: 34/47 MP: 7/7
  3569 | D:5      | Found a staircase to the Ecumenical Temple.
  3581 | Temple   | Entered the Ecumenical Temple
  4005 | D:5      | Found a shimmering altar of Xom.
  4043 | D:5      | Noticed an orc warrior
  4067 | D:5      | Gained mutation: Your spells are a little harder to cast,
                  | but a little more powerful. [potion of mutation]
  4067 | D:5      | Gained mutation: You are completely covered in icy blue
                  | scales. (AC +4, rC+) [potion of mutation]
  4067 | D:5      | Gained mutation: Scrolls take you a little longer to read.
                  | [potion of mutation]
  4067 | D:5      | Gained mutation: You are resistant to hostile enchantments.
                  | (MR+) [potion of mutation]
  4067 | D:5      | Slain by an orc warrior

Illustrated notes

Levels and vault maps discovered:
D:1:      ncdulo_watergridlock, layout_basic
D:2:      layout_basic, gammafunk_temple_overflow_forgotten,
          nicolae_overflow_crystal_walls, first_ration
D:3:      layout_loops_corners, minmay_pentomino_pile
D:4:      layout_loops_ring
D:5:      layout_loops_ring, minmay_temple_entry_slanted, basic_altar
Temple:   dpeg_five_rooms_temple

Skill      XL: |  1  2  3  4  5  6 |
---------------+-------------------+-----
Axes           | 3 |  3.9
Dodging        | 3 |  3.9
Armour         | 1 2 |  2.4
Fighting       | 3 |  3.9
Stealth        | 1 |  1.8
Invocations    | 1 2 |  2.0
Throwing       | |  1.7
Spellcasting   | |  0.5

Action                   |  1- 3 |  4- 6 || total
-------------------------+-------+-------++-------
Melee: War axe           |   107 |   181 ||   288
Throw: Throwing net      |     3 |       ||     3
       Dart              |       |     4 ||     4
Invok: Heroism           |       |     1 ||     1
  Use: Potion            |     1 |     4 ||     5
       Scroll            |       |     2 ||     2
 Stab: Held in net/web   |     3 |       ||     3
       Sleeping          |       |     1 ||     1
  Eat: Chunk             |     3 |     7 ||    10
Armor: Leather armour    |    18 |       ||    18
       Ring mail         |    18 |   107 ||   125
       Chain mail        |       |     4 ||     4
Dodge: Dodged            |    55 |   145 ||   200
